[Event "Superbet Blitz Poland 2023"]
[Site "Warsaw"]
[Date "2023.05.25"]
[Round "16"]
[White "Shevchenko, Kirill"]
[Black "Rapport, Richard"]
[Result "0-1"]
[ECO "A07"]
[WhiteElo "2684"]
[BlackElo "2745"]
[Annotator "TA"]
[PlyCount "114"]
[EventDate "2023.05.24"]
[EventType "tourn"]
[EventCountry "POL"]
[SourceTitle "playchess.com"]
[Source "ChessBase"]
[SourceQuality "1"]
[TimeControl "300+2"]

1. Nf3 Nf6 2. g3 g6 3. Bg2 Bg7 4. O-O O-O 5. d3 d5 6. Nbd2 Nc6 7. e4 e5 8. exd5 Nxd5 9. Re1 Re8 {[%emt 0:00:06] A07: Réti Opening: New York and Capablanca Systems.} 10. c3 a5 {[%emt 0:00:02] [#]} 11. h3 $146 ({Predecessor:} 11. a4 h6 12. Nc4 Nb6 13. Nxb6 cxb6 14. Be3 Be6 15. Nd2 f5 16. Nc4 Bxc4 17. dxc4 e4 18. Qxd8 Raxd8 19. Red1 Ne5 {1-0 Bachmann,A (2628)-Shirov,A (2683) Florianopolis op 3rd 2017 (9)}) 11... Nde7 {[%emt 0:00:14] Black has an edge.} 12. Nc4 Nf5 13. Ng5 Ra6 14. a4 h6 (14... Nd6 {is interesting.} 15. Bd5 Rf8 16. Qb3 Qd7) 15. Ne4 b6 16. Qb3 Ra7 (16... Qxd3 17. Qb5 Re6 18. Bxh6 $16) 17. Be3 Qd7 (17... Qxd3 18. Nc5 bxc5 19. Bxc6 $16) 18. Rad1 (18. g4 $5 Nxe3 19. Nxe3 $11) 18... Bb7 19. Qb5 Kh8 (19... Rd8 {seems wilder.} 20. Bc1 Nce7 21. Ned2 Bc6) 20. Qb3 (20. Nxb6 $14 {is superior.} cxb6 21. Bxb6) 20... Ba8 21. Bc1 Nd8 22. Na3 Bd5 23. Qc2 Ra8 24. Nc4 Bc6 25. b3 Nb7 26. Ba3 Rad8 27. Qe2 Bd5 28. h4 h5 29. Bc1 Qc6 30. Bh3 Nbd6 31. Bg5 Ra8 (31... Nxe4 $11 32. dxe4 Bxc4 33. Qxc4 (33. bxc4 Rxd1 34. Qxd1 Nd6 $15) 33... Qxc4 34. bxc4 Rxd1 {[%mdl 64] Remove Defender} 35. Rxd1 Nd6) 32. Bg2 (32. Ncxd6 $16 Nxd6 33. c4) 32... Rf8 (32... f6 $11 33. Bxf6 Bxf6 34. Nxf6 {[%mdl 64] Discovered Attack} Bxg2 35. Nxe5 Bh1 36. Nxc6 (36. Nxe8 $2 Qg2#) (36. Nxg6+ $2 Kg7 $19) 36... Rxe2 37. Rxe2 (37. Kxh1 Rxf2 38. Kg1 Rf3 $11) 37... Bxc6) 33. Bh3 (33. Nexd6 $16 Nxd6 34. Nxe5) 33... Rae8 34. Nf6 (34. Bc1 {simplifies} Bxc4 35. dxc4 Nxe4 36. Qxe4 Qxe4 37. Rxe4 Nd6 38. Re2) 34... Nxc4 {[%emt 0:00:12] [#]} (34... Bxf6 $11 35. Bxf6+ Kg8) 35. Nxd5 ({Inferior is} 35. dxc4 Bf3 36. Qd3 Bxd1 37. Nxe8 Bxb3 38. Nxg7 Nxg7 $11) (35. Bxf5 $1 $16 Bxf6 36. Bd7 {[%mdl 64] Deflection} (36. dxc4 Bf3 $14) (36. bxc4 Bh1 $11) 36... Qxd7 37. Bxf6+ Kg8 38. dxc4) 35... Ncd6 (35... Nb2 $14 36. Qxb2 Qxd5) 36. Nf6 Qxc3 (36... Re6 $14 37. Bg2 Qxc3) 37. Nxe8 (37. Bxf5 $16 Nxf5 38. Nxe8 (38. Rc1 Qxb3 39. Nxe8 Rxe8 $16)) 37... Nd4 $11 38. Qe3 Rxe8 39. Rc1 Qb4 40. Bg2 (40. Rxc7 $14 Qxb3 41. Bd7) 40... c5 (40... N6f5 $11 41. Qe4 Nd6) 41. Bh6 {[%emt 0:00:06] A strong pair of Bishops.} (41. Bd5 $14) 41... N6f5 $36 {[%emt 0:00:03][%mdl 2048] Black is in control.} 42. Bxg7+ Kxg7 43. Qe4 Nxb3 ({Don't play} 43... Qxb3 $6 44. Rb1 Qxa4 45. Rxb6 $11) ({Black should play} 43... Re6 $17) 44. Rc4 {[%emt 0:00:02] [#] White is weak on the dark squares} (44. Rb1 $1 $11 {remains equal.} Qc3 45. Qc4 Qxc4 46. dxc4) 44... Qd2 ({Better is} 44... Qa3 $1 $17 {Hoping for ...Nd2.} 45. Qe2 Nfd4) 45. Rb1 $2 (45. Re2 $11 {and White has nothing to worry.} Qd1+ 46. Re1) 45... Qa2 $19 46. Qe1 Nd2 {[%emt 0:00:08][%mdl 64] Discovered Attack} 47. Ra1 Qb2 48. Rcc1 Nd4 49. Qd1 {[%emt 0:00:02] Against N4f3+} N2b3 $2 (49... e4 $19 50. Rcb1 Nxb1 51. Rxb1 Ne2+ 52. Kh2 Nc3 {[%mdl 64] Discovered Attack} 53. Rxb2 Nxd1) 50. Rab1 (50. Rcb1 $11 {was the only way to keep the balance.} Qe2 51. Qxe2 {[%mdl 64] Remove Defender} Nxe2+ 52. Kf1 Nxa1 53. Kxe2) 50... Qe2 {[%emt 0:00:23] Black has more active pieces.} 51. Rc3 {[%emt 0:00:06][%mdl 8192] Now White is beyond hope.} (51. Rxb3 $17 Qxd1+ 52. Rxd1 Nxb3 53. Rb1) 51... Nd2 $2 (51... Qxd1+ 52. Rxd1 Ne2+ 53. Kh2 Nxc3) 52. Bf1 (52. Rc2 $142 Qxd1+ 53. Rxd1 Nxc2 54. Rxd2) 52... Nxb1 53. Bxe2 (53. Qxb1 $142 Qd2 54. Rc1) 53... Nxc3 54. Qd2 Ncxe2+ 55. Kg2 Re6 56. Qb2 e4 57. dxe4 c4 {[%emt 0:00:02] Weighted Error Value: White=0.62/Black=0.54} 0-1

[Event "Superbet Blitz Poland 2023"]
[Site "Warsaw"]
[Date "2023.05.25"]
[Round "16"]
[White "Wojtaszek, Radoslaw"]
[Black "Aronian, Levon"]
[Result "1/2-1/2"]
[ECO "A29"]
[WhiteElo "2670"]
[BlackElo "2745"]
[Annotator "TA"]
[PlyCount "131"]
[EventDate "2023.05.24"]
[EventType "tourn"]
[EventCountry "POL"]
[SourceTitle "playchess.com"]
[Source "ChessBase"]
[SourceQuality "1"]
[TimeControl "300+2"]

1. c4 Nf6 2. Nc3 e5 3. Nf3 Nc6 4. g3 d5 5. cxd5 Nxd5 6. Bg2 Bc5 {[%emt 0:00:02] A29: English Opening: Four Knights Variation with 4 g3.} 7. O-O O-O 8. Qc2 {[%emt 0:00:02] Threatens to win with Nxd5.} Nf6 9. a3 a5 10. e3 {[%emt 0:00:02][%cal Of3e5] [#]} h6 $146 ({Predecessor:} 10... Qe7 11. b3 Rd8 12. Bb2 h6 13. Ne4 Nxe4 14. Qxe4 Bd6 15. Qc2 Be6 16. d3 Rd7 {1-0 Sarana,A (2668)-Svane,R (2619) Speed Chess Q1 blitz 2022 (8)}) 11. b3 (11. Nxe5 {with more complications.} Nxe5 12. d4 Bxd4 13. exd4 Qxd4 14. Bf4) 11... Re8 12. Bb2 Bf8 (12... e4 $5 13. Nh4 g5 $11) 13. Nb5 Bd7 14. d3 Ra6 (14... Bf5 $5 15. e4 Bg4 $11) 15. Rac1 Nb4 16. axb4 $16 Bxb5 17. Nxe5 {[%emt 0:00:04][%mdl 64] Discovered Attack} (17. Bxe5 $6 Bxd3 18. Bxc7 Qd5 $15) 17... Bxb4 18. Bxb7 (18. Qxc7 Qxc7 19. Rxc7 Bd6 20. Rxb7 Bxe5 $14) 18... Rae6 {[%emt 0:00:09] [#]} 19. Nc6 {[%emt 0:00:24] White is more active.} (19. Qxc7 Qxc7 20. Rxc7 Bd6 $17) 19... Qxd3 20. Nxb4 axb4 21. Qxd3 (21. Qxc7 $2 R6e7 22. Qf4 (22. Qb6 $2 Rb8 $19) 22... Rxb7 $19) 21... Bxd3 22. Rfd1 Be4 (22... Rb8 $16 {was worth a try.}) 23. Rxc7 $18 Bxb7 24. Rxb7 Rc8 (24... Ne4 {was called for.} 25. Rdd7 (25. Rxb4 Ra8 $18) 25... Nc5) 25. Bxf6 Rxf6 26. Rxb4 {[%emt 0:00:02][%mdl 4096] Endgame KRR-KRR} Rc2 27. Rf4 Rxf4 28. gxf4 {[%emt 0:00:18] KR-KR} ({Much less strong is} 28. exf4 $6 Rc8 29. Kg2 Rb8 $18) 28... Rb2 29. Rd3 g5 30. fxg5 hxg5 31. Kg2 Kg7 32. Kg3 Kg6 33. f3 Kh5 34. e4 Rb1 35. Rd7 f6 36. Rd6 $2 (36. Rh7+ $18 Kg6 37. Rb7) 36... f5 $16 37. exf5 {[%emt 0:00:59] Rb6 would be deadly.} Rxb3 38. Rd8 g4 {[%emt 0:00:03] [#]} 39. Rh8+ $1 Kg5 40. Rg8+ Kxf5 41. Rxg4 Rb1 42. h4 Rg1+ 43. Kh3 Ra1 44. Rb4 Kg6 45. Rb5 (45. Rf4 $16) 45... Ra4 (45... Rh1+ $1 $11 46. Kg3 Rd1) 46. Kg3 Ra1 47. Rg5+ Kf6 48. Rb5 Kg6 $1 49. Kg4 Rg1+ 50. Kf4 {[%emt 0:00:01] Threatening mate with Rg5+.} Rh1 {[%emt 0:00:01] [#]} 51. h5+ Kh6 (51... Kg7 52. Rd5) 52. Kg3 {[%emt 0:00:04] Inhibits Rh4.} Rg1+ 53. Kf4 (53. Kf2 $16 Rh1 54. Re5) 53... Ra1 (53... Rh1 $11) 54. Rc5 Rb1 55. Kf5 ({White should play} 55. Re5 $16) 55... Kxh5 $11 56. f4 Kh6 57. Rc7 Rf1 58. Ke5 Kg6 59. Rc6+ Kf7 (59... Kg7 $11 {might be stronger.}) 60. Rc7+ ({Reject} 60. f5 Re1+ 61. Kd4 Rd1+ 62. Ke4 Re1+ 63. Kd5 Rd1+ 64. Ke4 Re1+ 65. Kf4 Rf1+ 66. Kg5 Rg1+ 67. Kh6 Rh1+ 68. Kg5 Rg1+ 69. Kh6 Rh1+ 70. Kg5 Rg1+ $11) (60. Kf5 $1 $14) 60... Kg6 61. Rc6+ (61. f5+ $11 Rxf5+ 62. Kd4) 61... Kf7 $14 62. f5 (62. Kf5 $1 $14) 62... Re1+ $11 {[%emt 0:00:01] The position is equal.} 63. Kf4 Rf1+ 64. Ke5 Re1+ 65. Kf4 Rf1+ 66. Ke5 {Black defended with fortune.   Weighted Error Value: White=0.18 (very precise) /Black=0.21 (precise)} 1/2-1/2

[Event "Superbet Blitz Poland 2023"]
[Site "Warsaw"]
[Date "2023.05.25"]
[Round "17"]
[White "Giri, Anish"]
[Black "Rapport, Richard"]
[Result "1/2-1/2"]
[ECO "C41"]
[WhiteElo "2768"]
[BlackElo "2745"]
[Annotator "TA"]
[PlyCount "53"]
[EventDate "2023.05.24"]
[EventType "tourn"]
[EventCountry "POL"]
[SourceTitle "playchess.com"]
[Source "ChessBase"]
[SourceQuality "1"]
[TimeControl "300+2"]

1. e4 e5 2. Nf3 d6 3. d4 exd4 4. Nxd4 Nf6 5. Nc3 Be7 6. Bf4 O-O 7. Qd2 Nc6 8. O-O-O Nxd4 9. Qxd4 Be6 10. Be2 a6 {[%emt 0:00:02] C41: Philidor Defence.} 11. Qe3 Re8 {[%emt 0:00:03] [#]} 12. h4 $146 ({Predecessor:} 12. e5 Nd7 13. exd6 cxd6 14. Bxd6 Bxa2 15. Bxe7 Rxe7 16. Qg5 h6 17. Qh4 Be6 18. Bf3 {½-½ Srinath,T-Aldaev,E W-ch WS/O/1226 email 2020}) 12... b5 {[%emt 0:00:07] White is slightly better.} 13. e5 Ng4 14. Qg3 Qc8 15. Bxg4 Bxg4 {[%emt 0:00:02] Black is weak on the dark squares} 16. f3 Bf5 17. Nd5 {[%emt 0:00:04] h5 is the strong threat. White is more active.} ({But not} 17. exd6 $6 cxd6 18. Bxd6 b4 $11) 17... Kh8 18. Nxe7 Rxe7 19. Rhe1 Qe6 {[%emt 0:00:25] [#] Hoping for ...Qc4.} 20. b3 {[%emt 0:00:37][%cal Re5d6] Wards off Qc4} dxe5 (20... d5 $1 $11 {keeps the balance.}) 21. Rxe5 Qf6 22. Rde1 (22. Rdd5 $16 c6 23. Rxe7 (23. Rxf5 Qa1+ 24. Kd2 cxd5 $11) (23. Bg5 Qg6 $14) 23... cxd5 24. Be5) 22... Rae8 $14 23. Rxe7 {[%emt 0:00:32][%cal Re7e8] [#]} Qa1+ {[%emt 0:00:15] The position is equal.} 24. Kd2 Qd4+ 25. Kc1 Qa1+ 26. Kd2 Qd4+ 27. Kc1 {Weighted Error Value: White=0.15 (very precise) /Black=0.16 (very precise)} 1/2-1/2

[Event "Superbet Blitz Poland 2023"]
[Site "Warsaw"]
[Date "2023.05.25"]
[Round "17"]
[White "So, Wesley"]
[Black "Shevchenko, Kirill"]
[Result "1-0"]
[ECO "B78"]
[WhiteElo "2760"]
[BlackElo "2684"]
[Annotator "TA"]
[PlyCount "67"]
[EventDate "2023.05.24"]
[EventType "tourn"]
[EventCountry "POL"]
[SourceTitle "playchess.com"]
[Source "ChessBase"]
[SourceQuality "1"]
[TimeControl "300+2"]

1. e4 c5 2. Nf3 d6 3. d4 cxd4 4. Nxd4 Nf6 5. Nc3 g6 6. Be3 Bg7 7. f3 O-O 8. Qd2 Nc6 9. Bc4 Bd7 10. O-O-O Rc8 11. Bb3 Nxd4 12. Bxd4 b5 13. Bxa7 {[%emt 0:00:07] B78: Sicilian Dragon: Yugoslav Attack, 9 Bc4 Bd7 10 0-0-0 Rc8.} b4 14. Nd5 Nxd5 15. exd5 {[%emt 0:00:02] The position is equal.} Qa5 16. Bd4 Bf5 {[%emt 0:00:49] [#]} (16... Rxc2+ $11 17. Qxc2 (17. Bxc2 Qxa2 18. Qe3 Rc8 $11) 17... Rc8 18. Qxc8+ (18. Bc4 $2 Bf5 $19) 18... Bxc8) 17. Kb1 $1 $16 {[%emt 0:00:22] [#]} Bxd4 $146 ({Predecessor:} 17... Ra8 18. Bxg7 Rfc8 19. Bd4 Bxc2+ 20. Qxc2 Rxc2 21. Kxc2 Qb5 22. Rhe1 Qd7 23. Kb1 Rc8 {1-0 Klimentov,E (1858)-Beljushina,S (1688) Anapa op 2012 (4)}) 18. Qxd4 Rc7 (18... Rfe8 $16) 19. Rhe1 $18 ({Much less strong is} 19. g4 $6 Bd7 $16) 19... Ra8 {[%emt 0:00:11][%cal Of5c2] Hoping for ...Bxc2+!} 20. Rd2 Qb5 (20... Rac8 $142) 21. g4 Bc8 22. Qd3 (22. h4 $18) 22... Qc5 (22... Qxd3 $16 23. Rxd3 f5) 23. Qd4 $2 (23. Qe4 $18) 23... Qa5 $2 (23... Qb5 $1 $11 {and Black has nothing to worry.}) 24. h4 Ba6 25. h5 {[%emt 0:00:02] And now hxg6 would win.} Bb5 $2 (25... Qc5 26. hxg6 fxg6 27. Qxc5 Rxc5) 26. hxg6 fxg6 27. Rh2 {[%emt 0:00:14][%cal Oh2h7] Intending Rxh7! and mate.} Ba4 {[%emt 0:00:15] ...Bxb3 is the strong threat.} 28. Re6 {[%emt 0:01:06][%cal Oe6g6] White threatens Rxg6+! and mate.} Qc5 {[%emt 0:00:29] [#]} 29. Rxg6+ $3 Kf7 30. Rxh7+ Ke8 31. Bxa4+ Rxa4 32. Qh8+ Kd7 {[%emt 0:00:01][%cal Rc5g1] [#]} 33. Rxe7+ $3 Kxe7 34. Qh7+ {[%emt 0:00:03] Beautiful play by So!   Weighted Error Value: White=0.50/Black=0.82} 1-0

[Event "Superbet Blitz Poland 2023"]
[Site "Warsaw"]
[Date "2023.05.25"]
[Round "17"]
[White "Aronian, Levon"]
[Black "Carlsen, Magnus"]
[Result "1/2-1/2"]
[ECO "C50"]
[WhiteElo "2745"]
[BlackElo "2853"]
[Annotator "TA"]
[PlyCount "142"]
[EventDate "2023.05.24"]
[EventType "tourn"]
[EventCountry "POL"]
[SourceTitle "playchess.com"]
[Source "ChessBase"]
[SourceQuality "1"]
[TimeControl "300+2"]

1. e4 e5 2. Nf3 Nc6 3. Bc4 Bc5 4. O-O Nf6 5. Nc3 d6 6. Na4 {[%emt 0:00:01] C50: Hungarian Defence and Giuoco Pianissimo.} Bb6 7. d3 Na5 {[%emt 0:00:19] 7...h6 is becoming the main line.} 8. Bb3 h6 9. Nxb6 axb6 10. Ba4+ {[%emt 0:00:01] [#]} Nc6 $146 ({Predecessor:} 10... Bd7 11. Bxd7+ Nxd7 12. Be3 O-O 13. Nd2 Re8 14. f4 exf4 15. Bxf4 Nc6 16. a3 Nf6 {½-½ Bensiek,N (2363)-Fagerstrom,B (2146) W-ch WS/M/136 email 2008}) 11. c3 Bg4 12. Bb3 Qd7 13. Re1 b5 14. d4 (14. h3 $5 Bh5 15. Qe2 $11) 14... Bxf3 15. gxf3 g5 (15... Qh3 {looks sharper.} 16. Kh1 Nh5 17. Rg1 Ne7) 16. Kh1 Ne7 (16... Qh3 {is more complex.} 17. Rg1 Nh5 18. Bc2 Ne7) 17. dxe5 dxe5 18. Qxd7+ (18. Be3 {keeps more tension.} Qh3 19. Rg1 Nh5 20. f4) 18... Nxd7 19. Be3 Ng6 20. Red1 {[%emt 0:00:13][%cal Ob3f7] [#] And now Bxf7+! would win.} Nf6 21. c4 bxc4 22. Bxc4 O-O 23. a4 Kg7 (23... Rfd8 $11) 24. b4 $14 {[%emt 0:00:19] White is more active.} Nh4 25. Be2 c6 26. Bb6 Rfe8 27. a5 Re7 28. Ra3 Nd7 {[%emt 0:00:03] Hoping for ...Nxb6.} 29. Be3 Nf8 30. Bc4 (30. Bc5 $5 Ree8 31. Bc4 $14) 30... Ne6 31. Bxe6 fxe6 32. Rad3 Nxf3 (32... Rf7 $14) 33. Rd7 $18 Kf6 34. Bc5 {[%emt 0:00:15] Against Nd4} Rxd7 35. Rxd7 {[%emt 0:00:02][%mdl 4096] Endgame KRB-KRN} b5 36. h3 (36. axb6 {gets mated.} Ra1+) 36... h5 37. Kg2 g4 38. hxg4 hxg4 39. Kg3 (39. Bb6 $18) 39... Ng5 $16 40. Be7+ Kg6 41. Bxg5 (41. Kxg4 $16 Nxe4 42. Rd8) 41... Kxg5 {[%emt 0:00:01] KR-KR} 42. Rg7+ Kf6 43. Rc7 Rd8 44. a6 Kg5 45. Rxc6 {[%emt 0:00:01][%cal Oc6c3] Rc3! would be deadly.} (45. a7 $5) 45... Rd3+ 46. Kg2 Ra3 47. Rxe6 Kf4 48. Rb6 Ra2 49. Rxb5 Rxa6 50. Rb8 Ra2 51. b5 Rb2 52. b6 {[%emt 0:00:04] b7 is the strong threat.} Rb3 53. b7 {[%emt 0:00:03] Threatening mate with Rf8+.} Kxe4 54. Kf1 {[%emt 0:00:00] aiming for Kg2.} Rb2 $2 {[%emt 0:00:04][%mdl 8192] [#]} (54... Rb1+ $11 55. Kg2 Rb3) 55. Ke1 $2 ({White has to play} 55. Kg1 $1 $18 {Strongly threatening Kh1.} Rb4 56. Kh2) 55... Rb1+ $11 {[%emt 0:00:04] The position is equal.} 56. Kd2 Rb3 57. Kc2 Rb6 58. Kc3 Rb1 59. Kc4 Rb2 60. Kc5 Rb1 61. Kc6 {[%emt 0:00:05] White threatens Rf8 and mate.} Rc1+ 62. Kd6 {[%emt 0:00:01] Intending Rf8 and mate.} Rb1 63. Ke7 (63. Kc7 $5 Rc1+ $8 64. Kd8 $11) 63... Kf3 64. Rf8+ Ke2 65. b8=Q Rxb8 66. Rxb8 {[%emt 0:00:01] White wants to mate with Rb2+.} Kxf2 {[%emt 0:00:01] KR-KPP} 67. Rf8+ Ke3 68. Ke6 g3 69. Kxe5 g2 70. Rg8 Kf2 71. Rxg2+ Kxg2 {[%emt 0:00:01] Weighted Error Value: White=0.16 (very precise) /Black=0.09 (flawless)} 1/2-1/2

[Event "Superbet Blitz Poland 2023"]
[Site "Warsaw"]
[Date "2023.05.25"]
[Round "17"]
[White "Vachier-Lagrave, Maxime"]
[Black "Deac, Bogdan-Daniel"]
[Result "1/2-1/2"]
[ECO "B12"]
[WhiteElo "2742"]
[BlackElo "2700"]
[Annotator "TA"]
[PlyCount "143"]
[EventDate "2023.05.24"]
[EventType "tourn"]
[EventCountry "POL"]
[SourceTitle "playchess.com"]
[Source "ChessBase"]
[SourceQuality "1"]
[TimeControl "300+2"]

1. e4 c6 2. d4 d5 3. e5 Bf5 4. h4 h5 5. Bd3 Bxd3 6. Qxd3 e6 7. Bg5 {[%emt 0:00:07] B12: Caro-Kann: Advance Variation.} Be7 (7... Qb6 $5 8. Nd2 c5 $11) 8. Nf3 Nh6 9. Nbd2 Nf5 10. Bxe7 $5 {[%emt 0:00:06][%mdl 4] An interesting side line.} Qxe7 {[%emt 0:00:02] [#]} 11. c4 $146 ({Predecessor:} 11. g3 c5 12. c3 Nc6 13. O-O cxd4 14. cxd4 O-O 15. Rfc1 Rac8 16. Nb3 Qb4 17. Rc3 {½-½ Visakh,N (2516)-Sorokin,A (2521) Titled Tuesday intern op 27th Oct blitz 2020 (7)}) 11... dxc4 12. Nxc4 Na6 13. Ne3 g6 14. a3 Rd8 15. Rd1 Nc7 16. Nxf5 exf5 17. O-O Ne6 18. Qe3 Rd5 19. Rd2 O-O 20. Rfd1 Rfd8 21. g3 Qd7 22. Kh2 a5 (22... Kg7 {is more complex.} 23. b4 a5 24. Ng5 Nxg5 25. Qxg5 axb4 26. axb4 Ra8) 23. Qb3 Qe7 24. Qe3 R8d7 25. Qc3 Qd8 26. b4 axb4 27. axb4 f4 28. Kg2 Qb6 29. Ra1 Rd8 ({Don't do} 29... Nxd4 30. Ra8+ Kg7 31. e6 fxe6 32. Ra5 $14) 30. Ra5 fxg3 (30... Nxd4 $2 31. Rxd5 (31. gxf4 $2 {perishes.} Nxf3 {[%mdl 64] Discovered Attack} 32. Rdxd5 Nxh4+ 33. Kh3 Rxd5 $19) 31... Rxd5 32. Rxd4 $18) 31. fxg3 Rb5 (31... Nxd4 $2 32. Rxd5 Rxd5 33. Rxd4 $18) 32. Rxb5 Qxb5 33. Qb3 Qd5 34. Qxd5 Rxd5 $15 {[%emt 0:00:01][%mdl 4096] Endgame KRN-KRN} 35. Kf2 Rb5 36. Rb2 Nc7 (36... Kf8 $15) 37. Ne1 f6 38. Nd3 Kf7 39. Kf3 Nd5 40. g4 hxg4+ 41. Kxg4 Kg7 42. Kf3 Kf7 43. Kg4 Ne3+ 44. Kf4 Nd5+ (44... Nf5 $5 45. h5 Nxd4 46. hxg6+ Kxg6 47. Rg2+ Kf7 $15) 45. Kf3 Ke7 46. Rb1 Kf7 47. Rb2 fxe5 48. dxe5 Ke6 49. Re2 Kf7 ({Don't play} 49... Nxb4 50. Nf4+ Kf7 51. e6+ Ke8 52. Nxg6 $16) 50. Re4 Rb6 51. Kg4 Ra6 52. Nc5 Ra1 53. Nxb7 {[%emt 0:00:02] Hoping for Nd8+.} Rg1+ 54. Kf3 {[%emt 0:00:01] Nd8+ would be deadly.} Ke7 {[%emt 0:00:01] Dodges Nd8} 55. Na5 Rf1+ (55... Rc1 $11 {keeps the balance.}) 56. Kg3 (56. Ke2 $1 $16 Rf8 57. Nxc6+ Kd7 58. Rc4) 56... Rc1 $11 57. e6 Rc3+ 58. Kf2 Nf6 59. Re2 Ng4+ (59... Nd5 $11) 60. Ke1 $14 Ne3 $2 {[%emt 0:00:04][%mdl 8192] [#]} (60... Nf6 $14) 61. Nxc6+ $2 Rxc6 $11 {[%emt 0:00:01] The position is equal.} 62. Rxe3 $18 {[%emt 0:00:00] Kd2 is the strong threat. KR-KR} Rc4 $1 63. Rb3 Rxh4 64. b5 Kxe6 65. b6 {[%emt 0:00:01] White threatens b7 and mate.} Rh8 66. Kf2 (66. b7 $5 Rb8 $8 67. Kf2 $11) 66... Kd6 67. b7 Rb8 68. Kg3 Kc6 69. Kg4 Rxb7 70. Rxb7 Kxb7 71. Kg5 Kc6 72. Kxg6 {Weighted Error Value: White=0.10 (very precise) /Black=0.23 (precise)} 1/2-1/2

[Event "Superbet Blitz Poland 2023"]
[Site "Warsaw"]
[Date "2023.05.25"]
[Round "17"]
[White "Duda, Jan-Krzysztof"]
[Black "Wojtaszek, Radoslaw"]
[Result "1-0"]
[ECO "B23"]
[WhiteElo "2724"]
[BlackElo "2670"]
[Annotator "TA"]
[PlyCount "115"]
[EventDate "2023.05.24"]
[EventType "tourn"]
[EventCountry "POL"]
[SourceTitle "playchess.com"]
[Source "ChessBase"]
[SourceQuality "1"]
[TimeControl "300+2"]

1. e4 c5 2. Nc3 d6 3. f3 Nf6 4. d4 cxd4 5. Qxd4 Nc6 6. Qf2 {[%emt 0:00:02] [#] B23: Closed Sicilian: Lines without g3.} e6 $146 ({Predecessor:} 6... g6 7. Be3 Bg7 8. O-O-O O-O 9. h4 Qa5 10. h5 Nxh5 11. Rd5 Qd8 12. Rdxh5 gxh5 {1-0 Carlsen,M (2862)-Firouzja,A (2749) Magnus-Alireza Bullet blitz 2021 (5)}) 7. Be3 d5 {[%emt 0:00:28] aiming for ...d4.} 8. O-O-O {[%emt 0:00:13] White is slightly better.} Bb4 9. Nge2 Qa5 10. exd5 Nxd5 11. Nxd5 exd5 12. Kb1 Be6 {[%emt 0:00:14][%cal Od5d4] Hoping for ...d4!} 13. Nd4 O-O 14. Bd3 Be7 {[%emt 0:00:08] Inhibits Qh4.} 15. Rhe1 {[%emt 0:00:29] White is more active.} Bf6 16. g4 ({Much less strong is} 16. c3 Rfe8) (16. Nxe6 $16 fxe6 17. Bd2) 16... Nb4 ({Black should play} 16... Qb6 $14 17. c3 Bxd4 18. Bxd4 (18. cxd4 Nb4 $11) 18... Nxd4 19. Qxd4 Qxd4 20. cxd4 g6) 17. a3 $16 Nxd3 18. Rxd3 Rfe8 19. Nb3 Qb5 (19... Qd8 $142) 20. Bd4 (20. Bxa7 $142 Rac8 21. Bd4) 20... Be7 21. Rde3 (21. Bxa7 $16 Rac8 22. Be3) 21... Bf8 22. Qd2 b6 23. h4 Bd7 24. Be5 f6 25. Bc3 Rxe3 26. Rxe3 Re8 27. Rd3 $1 a5 28. Rxd5 Qf1+ 29. Qd1 ({Better is} 29. Nc1 $16 Bc6 30. Rf5) 29... Qxd1+ $14 30. Rxd1 Bc6 31. Nd4 Bb7 32. h5 Bc5 33. Rf1 Re3 34. h6 gxh6 35. Nf5 Rxf3 36. Nxh6+ Kf8 37. Rxf3 Bxf3 38. Bxf6 $15 {[%emt 0:00:01][%mdl 4096] Endgame KBB-KBN} Be4 39. a4 Ke8 40. g5 Kd7 41. b3 Ke6 42. Kb2 Bf3 43. c3 Be3 44. b4 (44. Kc2 $11 {remains equal.}) 44... axb4 ({Black should try} 44... Bd1 $17 45. Bd8 Bf4 46. bxa5 bxa5) 45. cxb4 $11 Bd1 {[%emt 0:00:01] This pair of bishops is nice.} 46. a5 bxa5 47. bxa5 Be2 48. Kc3 Ba6 49. Ng4 Bc5 50. Ne5 h6 {[%emt 0:00:05] [#]} 51. gxh6 $1 Kxf6 52. Nd7+ Kg6 {[%emt 0:00:01] And now ...Ba7 would win.} 53. Nxc5 Bc8 {[%emt 0:00:03][%mdl 8192] Black cannot hold the game after this.} (53... Bb5 $11) 54. Kd4 {[%emt 0:00:02] White mates.} Kxh6 55. Ke5 Kg7 56. Kd6 Kf7 57. Kc7 Bh3 58. a6 {[%emt 0:00:01] Weighted Error Value: White=0.18 (very precise) /Black=0.22 (precise)} 1-0